 Dungeon Crawl Stone Soup version 0.30-b1-2-g02819fbbbe (webtiles) character file.

Game seed: 16128527746582901536

8980 septik the Cleaver (level 11, -1/99 HPs)
             Began as a Minotaur Berserker on July 2, 2023.
             Was an Elder of Trog.
             Slain by a rakshasa (illusionary)
             ... wielding a +0 whip
              (8 damage)
             ... on level 10 of the Dungeon on July 3, 2023.
             The game lasted 00:16:26 (10127 turns).

septik the Cleaver (Minotaur Berserker)            Turns: 10127, Time: 00:16:27

Health: -1/99      AC: 19    Str: 25    XL:     11   Next: 17%
Magic:  10/10      EV: 11    Int:  4    God:    Trog [****..]
Gold:   567        SH:  5    Dex: 17    Spells: 10/10 levels left

rFire   . . .        A - +0 war axe
rCold   . . .        (no shield)
rNeg    . . .        w - +0 plate armour
rPois   .            (helmet restricted)
rElec   .            L - +1 cloak {rCorr}
rCorr   +            u - +0 pair of gloves
SInv    +            j - +0 pair of boots
Will    .....        B - amulet of reflection
Stlth   x              - +6 ring of dexterity
HPRegen 0.36/turn    K - ring of see invisible
MPRegen 0.12/turn

%: reflection
@: on berserk cooldown, slowed, invisible, very slow
A: horns 2, retaliatory headbutt
a: Renounce Religion, Berserk, Trog's Hand, Brothers in Arms


You were on level 10 of the Dungeon.
You worshipped Trog.
Trog was greatly pleased with you.
You visited 1 branch of the dungeon, and saw 10 of its levels.

You collected 567 gold pieces.

Inventory:

Hand Weapons
 a - a +0 hand axe
 A - a +0 war axe (weapon)
 C - a +2 heavy battleaxe
 S - a +0 sling of freezing
Missiles
 c - 94 stones
 p - 19 poisoned darts (quivered)
 y - 9 javelins
 F - a throwing net
Armour
 j - a +0 pair of boots (worn)
 l - a +0 tower shield
 q - a +0 chain mail
 u - a +0 pair of gloves (worn)
 w - a +0 plate armour (worn)
 L - a +1 cloak of preservation (worn)
Jewellery
 x - a +6 ring of dexterity (left hand)
 B - an amulet of reflection (around neck)
 K - a ring of see invisible (right hand)
 Q - a ring of protection from fire
 T - a ring of positive energy
Wands
 G - a wand of flame (18)
 R - a wand of roots (11)
 W - a wand of polymorph (7)
Scrolls
 f - 2 scrolls of silence {unknown}
 g - a scroll of torment {unknown}
 h - 2 scrolls of magic mapping
 i - 4 scrolls of teleportation {unknown}
 m - 5 scrolls of identify {unknown}
 o - 4 scrolls of blinking {unknown}
 r - 2 scrolls of vulnerability {unknown}
 v - 2 scrolls of amnesia {unknown}
 z - a scroll of noise {unknown}
 E - a scroll of enchant armour {unknown}
 I - 2 scrolls of immolation {unknown}
 M - a scroll of poison {unknown}
 O - a scroll of fear {unknown}
 U - 2 scrolls of fog {unknown}
Potions
 b - 2 potions of attraction {unknown}
 d - a potion of cancellation {unknown}
 e - 3 potions of ambrosia {unknown}
 k - 4 potions of invisibility
 n - 2 potions of curing {unknown}
 s - 2 potions of might {unknown}
 t - 2 potions of lignification {unknown}
 D - 2 potions of heal wounds {unknown}
 H - 2 potions of degeneration {unknown}
 J - a potion of berserk rage {unknown}
 N - a potion of haste {unknown}
 P - a potion of mutation {unknown}
 V - a potion of flight {unknown}
 X - a potion of brilliance {unknown}
 Y - 2 potions of resistance {unknown}


   Skills:
 + Level 10.1 Fighting
 * Level 13.6 Axes
 + Level 9.7 Armour
 + Level 8.9 Dodging


You had 10 spell levels left.
You didn't know any spells.
Your spell library was empty.

Dungeon Overview and Level Annotations

Branches:
Dungeon (10/15)            Temple (0/1) D:4
   Lair: D:8-11         Orc: D:9-12

Altars:
Elyvilon
Gozag
Kikubaaqudgha
Makhleb
Qazlal
Ru
Vehumet
Yredelemnul
The Shining One

Annotations:
D:4 exclusion: statue


Innate Abilities, Weirdness & Mutations

You have a pair of horns on your head.
You reflexively headbutt those who attack you in melee.


Message History

You closely miss the rakshasa.
The rakshasa is lightly wounded.
The rakshasa barely misses you.
You hit the rakshasa. You headbutt the rakshasa.
The rakshasa is moderately wounded.
You hit the rakshasa.
The rakshasa is heavily wounded.
The rakshasa hits you with a +0 whip.
You closely miss the rakshasa. Your headbutt misses the rakshasa.
The rakshasa is heavily wounded.
You barely miss the rakshasa. Your headbutt misses the rakshasa.
The rakshasa is heavily wounded.
The rakshasa hits you but does no damage.
You barely miss the rakshasa.
The rakshasa is moderately wounded.
The rakshasa blinks!
You feel a strong urge to attack something.
You are no longer berserk.
You are exhausted.
You feel yourself slow down.
You hit the rakshasa.
The rakshasa is moderately wounded.
The rakshasa hits you but does no damage.
You slice the rakshasa!!
The rakshasa is severely wounded.
The rakshasa hits you but does no damage.
You hit the rakshasa but do no damage.
The rakshasa is severely wounded.
The rakshasa gestures at you. The lance of force hits you!
You are knocked back by the lance of force.
You slam into the stone wall!
* * * LOW HITPOINT WARNING * * *
It was a potion of invisibility.
You fade into invisibility!
The rakshasa hits you with a +0 whip.
* * * LOW HITPOINT WARNING * * *
The rakshasa blinks!
The rakshasa attacks as you move away! The rakshasa hits you with a +0 whip!
You die...

.#.#._.#.#...........
#
.#.#...#.#.....#######
.#.?.)...#.....#
.#.#####.#..##)#
...........###)##
...#...#.....#..#
#..###.#.....##.## ...
.#..... #).# ..
...###@## .......R.#
....##..R# .. #.#..#
#....# ####.. #R# ..
#.#


You could see 3 rakshasas.

Vanquished Creatures
  Erica (D:8)
  2 two-headed ogres
  An orc knight (D:10)
  Joseph (D:8)
  Psyche (D:8)
  A hornet (D:8)
  Grinder (D:6)
  A shadow (D:9)
  9 yaks (D:10)
  A wyvern (D:9)
  A vampire (D:6)
  3 steam dragons
  2 acid dragons
  A water moccasin (D:6)
  2 orc warriors
  An ice beast (D:6)
  A black bear (D:6)
  3 sky beasts
  6 ogres
  4 centaurs
  A kobold brigand (D:10)
  A bullfrog (D:6)
  A wyvern zombie (D:6)
  2 gnoll sergeants
  4 scorpions
  11 wights
  A howler monkey (D:8)
  4 orc priests
  A hound (D:5)
  2 gnoll boudas
  Crazy Yiuf (D:6)
  4 sleepcaps
  2 iguanas
  7 orc wizards
  A howler monkey zombie (D:6)
  11 gnolls
  7 adders
  An ufetubus (D:4)
  3 worms
  5 dart slugs
  36 orcs
  9 ball pythons
  3 bats
  8 endoplasms
  2 giant cockroaches
  6 goblins
  8 hobgoblins
  4 quokkas
  5 frilled lizards
  15 kobolds
  5 rats
214 creatures vanquished.

Vanquished Creatures (others)
  A gnoll (D:7)
  An orc (D:8)
2 creatures vanquished.

Grand Total: 216 creatures vanquished

Notes
Turn   | Place    | Note
-------+----------+-------------------------------------------
     0 | D:1      | septik the Minotaur Berserker began the quest for the Orb.
     0 | D:1      | Reached XP level 1. HP: 19/19 MP: 0/0
   222 | D:1      | Reached XP level 2. HP: 27/27 MP: 1/1
   230 | D:1      | Reached skill level 4 in Axes
   668 | D:1      | Reached XP level 3. HP: 33/33 MP: 2/2
  1345 | D:2      | Reached ** piety under Trog
  1425 | D:2      | Found a faded altar of an unknown god.
  1701 | D:2      | Reached XP level 4. HP: 40/40 MP: 3/3
  2009 | D:3      | Noticed an orc warrior
  2468 | D:3      | Reached skill level 5 in Axes
  2475 | D:3      | Killed an orc warrior
  2476 | D:3      | Reached XP level 5. HP: 47/47 MP: 4/4
  2595 | D:3      | Reached XP level 6. HP: 55/55 MP: 5/5
  3024 | D:4      | Found a staircase to the Ecumenical Temple.
  3038 | D:4      | Found a stormy altar of Qazlal.
  3038 | D:4      | Noticed a sky beast
  3078 | D:4      | Killed a sky beast
  3079 | D:4      | Reached skill level 5 in Fighting
  3079 | D:4      | Reached skill level 6 in Axes
  3367 | D:4      | Found a radiant altar of Vehumet.
  3687 | D:4      | Found a sacrificial altar of Ru.
  3717 | D:4      | Found an opulent altar of Gozag.
  4069 | D:5      | Entered Level 5 of the Dungeon
  4087 | D:5      | Found a burning altar of Makhleb.
  4109 | D:5      | Reached XP level 7. HP: 45/61 MP: 6/6
  4331 | D:5      | Reached skill level 7 in Axes
  4331 | D:5      | Reached skill level 5 in Armour
  4748 | D:5      | Reached *** piety under Trog
  5236 | D:6      | Noticed a vampire
  5252 | D:6      | Killed a vampire
  5253 | D:6      | Reached skill level 8 in Axes
  5253 | D:6      | Reached skill level 5 in Dodging
  5253 | D:6      | Reached XP level 8. HP: 52/70 MP: 7/7
  5710 | D:6      | Found a white marble altar of Elyvilon.
  5808 | D:6      | Reached skill level 9 in Axes
  6045 | D:6      | Found the +2 ratskin cloak {*Rats rPois rN+ Str-1 Int-1
                  | Dex+1}
  6051 | D:6      | Found a basalt altar of Yredelemnul.
  6139 | D:6      | Noticed Grinder
  6147 | D:6      | Killed Grinder
  6233 | D:6      | Reached XP level 9. HP: 42/79 MP: 8/8
  6417 | D:6      | Reached skill level 10 in Axes
  6714 | D:6      | Found a runed translucent door.
  6715 | D:6      | Noticed Crazy Yiuf
  6966 | D:6      | Killed Crazy Yiuf
  7683 | D:7      | Reached skill level 11 in Axes
  8003 | D:8      | Noticed Erica
  8004 | D:8      | Noticed Psyche
  8009 | D:8      | Killed Psyche
  8022 | D:8      | Killed Erica
  8023 | D:8      | Reached XP level 10. HP: 51/90 MP: 9/9
  8288 | D:8      | Reached **** piety under Trog
  8357 | D:8      | Found a glowing golden altar of the Shining One.
  8500 | D:8      | Noticed Joseph
  8508 | D:8      | Killed Joseph
  8509 | D:8      | Reached skill level 12 in Axes
  9079 | D:9      | Noticed a two-headed ogre
  9092 | D:9      | Killed a two-headed ogre
  9252 | D:9      | Identified the +0 long sword "Naner" {venom, +Blink rF+
                  | Stlth+}
  9358 | D:9      | You fall into a shaft and drop 1 floor!
  9358 | D:10     | Entered Level 10 of the Dungeon
  9800 | D:10     | Reached skill level 13 in Axes
  9872 | D:10     | Noticed a two-headed ogre
  9891 | D:10     | Killed a two-headed ogre
  9961 | D:10     | Reached XP level 11. HP: 95/99 MP: 10/10
 10038 | D:10     | Found an ancient bone altar of Kikubaaqudgha.
 10060 | D:10     | Reached skill level 10 in Fighting
 10096 | D:10     | Identified the +1 great mace of the Elven Halls {freeze,
                  | *Corrode rElec Str+6}
 10096 | D:10     | Noticed an orc knight
 10097 | D:10     | Noticed a rakshasa
 10110 | D:10     | Killed an orc knight
 10127 | D:10     | Slain by a rakshasa (illusionary)

Illustrated notes

Levels and vault maps discovered:
D:1:      dpeg_arrival_morbid_curiosity, layout_loops_ring,
          hangedman_decor_diamond_cutter, minmay_bisected
D:2:      layout_loops_cross, ebering_ecumenical_altar_rust,
          serial_park_tiny_pond, minmay_fountain_box
D:3:      layout_basic
D:4:      layout_basic, vehumet_statue, mainiacjoe_overflow_two_lobes,
          nicolae_qazlal_beasts_of_the_sky, minmay_temple_entry_from_below_b,
          uniq_ijyb
D:5:      layout_cave_pods, kennysheep_mini_moat, st_stairs_10,
          minmay_misc_feat_nine_boxes, roderic_lattice_a,
          chequers_serial_rivers_micro_a
D:6:      kb_forest_paths, layout_basic, lemuel_zombie_altar_yredelemnul,
          lemuel_crystal_altar, uniq_grinder, uniq_crazy_yiuf_cottage
D:7:      layout_cave_pods, hangedman_decor_clover_reticule
D:8:      layout_basic, tso_metal_star, uniq_joseph, uniq_psyche, uniq_erica
D:9:      layout_big_octagon
D:10:     minmay_the_grid_triangle_9x9_rhombus_thin_mashed
          [minmay_the_grid_triangle_9x9_tough_junction,
          minmay_the_grid_triangle_9x9_prize_center,
          minmay_the_grid_triangle_9x9_dagger,
          minmay_the_grid_triangle_9x9_impossible_snake], layout_basic,
          mainiacjoe_overflow_cross_hatched, dreamdust_gnoll_shepherd

Skill      XL: |  1  2  3  4  5  6  7  8  9 10 11 |
---------------+----------------------------------+-----
Axes           | 4 5 6 8 9 11 13 | 13.6
Fighting       | 4 5 6 7 8 9 10 | 10.1
Armour         | 3 4 5 6 8 9 |  9.7
Dodging        | 3 4 5 6 7 8 |  8.9

Action                     |  1- 3 |  4- 6 |  7- 9 | 10-12 || total
---------------------------+-------+-------+-------+-------++-------
  Melee: Hand axe          |    83 |    98 |       |       ||   181
         Headbutt          |    11 |    10 |    42 |    46 ||   109
         Punch             |       |     2 |     2 |     4 ||     8
         War axe           |       |    13 |   221 |   188 ||   422
         Battleaxe         |       |     3 |     5 |       ||     8
  Throw: Stone             |       |       |     5 |     1 ||     6
         Dart              |       |       |       |     4 ||     4
 Invoke: Berserk           |     2 |     6 |     9 |     4 ||    21
         Trog's Hand       |       |     2 |     4 |       ||     6
    Use: Scroll            |       |     1 |       |       ||     1
         Potion            |       |       |       |     1 ||     1
   Stab: Sleeping          |     1 |       |       |       ||     1
 Armour: Animal skin       |    11 |       |       |       ||    11
         Chain mail        |    12 |    23 |       |       ||    35
         Plate armour      |       |    33 |   126 |    60 ||   219
  Dodge: Dodged            |    61 |    56 |    99 |    74 ||   290
  Block: Other             |       |       |    12 |    24 ||    36
         Reflection        |       |       |       |     1 ||     1
